AoeStats
← carlosfe93

Highland

505944175Analyzed
4v4 RM · 22d ago on Sep 11, 2026· 77m 11s· 8 players
Game mode
Random Map
Map size
Large (8 player)
Population
200
Speed
Normal
Resources
Standard
Victory
Conquest
Starting age
Dark Age
Ending age
Imperial Age
RankedLock teamsTeams togetherTeam positionsShared explorationLock speedFull tech treeHidden civsTurbo modeCheats
Victory
Defeat
🇨🇦 Byzantines · Canada
850
+11
🇺🇸 Koreans · United States
798
+13
🇺🇸 Celts · United States
753
+15
🇺🇸 Berbers · United States
724
+16
🇫🇷 Maya · France
757
-15
🇪🇸 Persians · Spain
742
-14
🇪🇸 Poles · Spain
724
-13
🇧🇷 Chinese · Brazil
710
-13
Roukine
0:54 Loom
11:50 Feudal Age
12:57 Town Watch
22:41 Castle Age
21:43 Man-at-Arms
23:59 Long Swordsman
37:30 Imperial Age
35:02 Double-Bit Axe
34:47 Elite Skirmisher
36:47 Town Patrol
37:22 Wheelbarrow
36:30 Demolition Ship
37:13 Fletching
37:33 Forging
37:24 Scale Mail Armor
37:35 Squires
37:21 Arson
37:40 Horse Collar
38:04 Murder Holes
39:16 Bodkin Arrow
39:02 Pikeman
43:23 Wheelbarrow
43:24 Fortified Wall
43:34 Ballistics
45:26 Two-Handed Swordsman
FalteringHarpy5
3:42 Loom
11:08 Feudal Age
11:55 Double-Bit Axe
14:32 Scale Barding Armor
16:27 Bloodlines
16:30 Town Watch
19:38 Horse Collar
20:14 Forging
24:43 Castle Age
22:57 Padded Archer Armor
22:57 Fletching
23:25 Gold Mining
23:28 Stone Mining
25:42 Bow Saw
25:39 Husbandry
28:44 Scale Mail Armor
30:01 Stone Shaft Mining
29:45 Heavy Plow
30:24 Wheelbarrow
30:03 Crossbowman
32:12 Chain Barding Armor
32:28 Iron Casting
32:10 Leather Archer Armor
31:50 Bodkin Arrow
32:07 Thumb Ring
32:44 Treadmill Crane
34:36 Szlachta Privileges
34:00 Elite Skirmisher
35:14 Hand Cart
38:31 Pikeman
42:41 Imperial Age
41:07 Caravan
43:44 Conscription
42:48 Arbalester
43:49 Cavalier
44:42 Squires
45:47 Blast Furnace
45:03 Chain Mail Armor
46:07 Crop Rotation
46:44 Masonry
47:36 Chemistry
46:57 Ballistics
46:49 Town Patrol
46:19 Capped Ram
68:03 Hoardings
67:37 Siege Engineers
67:28 Murder Holes
67:43 Fortified Wall
carlosfe93
4:33 Loom
12:36 Feudal Age
13:04 Horse Collar
13:17 Gold Mining
13:27 Double-Bit Axe
Gomes
0:28 Loom
13:22 Feudal Age
15:01 Double-Bit Axe
16:23 Wheelbarrow
16:12 Gold Mining
19:12 Horse Collar
21:46 Stone Mining
21:46 Town Watch
24:34 Castle Age
24:20 Bloodlines
26:50 Town Patrol
27:06 Hand Cart
27:25 Caravan
30:49 Gold Shaft Mining
30:49 Stone Shaft Mining
31:10 Stone Shaft Mining
35:37 Imperial Age
36:59 Conscription
37:25 Husbandry
37:36 Bloodlines
36:46 Cavalier
36:50 Pikeman
37:31 Squires
38:50 Light Cavalry
40:37 Elite Chu Ko Nu
41:22 Great Wall
41:46 Halberdier
47:48 Masonry
51:34 Architecture
51:25 Ballistics
51:16 Fortified Wall
51:19 Fletching
51:29 Padded Archer Armor
51:41 Forging
51:31 Scale Mail Armor
51:37 Scale Barding Armor
53:44 Bodkin Arrow
54:05 Leather Archer Armor
Huitzilopochtli
0:47 Loom
15:41 Feudal Age
16:43 Double-Bit Axe
18:18 Man-at-Arms
20:54 Horse Collar
20:57 Fishing Lines
23:36 Wheelbarrow
22:47 Town Watch
26:54 Castle Age
28:04 Light Cavalry
28:54 Bloodlines
28:53 Caravan
29:44 Husbandry
29:42 Gold Mining
29:43 Stone Mining
30:05 Bow Saw
29:58 Heavy Plow
31:37 Gold Shaft Mining
33:00 Medium Warships
33:57 Murder Holes
39:11 Imperial Age
36:59 Long Swordsman
36:59 Pikeman
39:44 Heavy Camel Rider
41:08 Fortified Wall
41:09 Scale Barding Armor
41:30 Forging
41:41 Kasbah
42:40 Conscription
43:48 Maghrebi Camels
44:25 Hand Cart
44:44 Crop Rotation
47:13 Hoardings
46:04 Cavalier
47:42 Elite Camel Archer
48:13 Two-Handed Swordsman
49:01 Champion
51:51 Arson
52:44 Iron Casting
52:09 Scale Mail Armor
52:29 Chain Barding Armor
52:10 Padded Archer Armor
52:00 Fletching
52:19 Squires
63:22 Blast Furnace
62:37 Chain Mail Armor
62:58 Plate Barding Armor
62:38 Leather Archer Armor
62:18 Bodkin Arrow
62:16 Guard Tower
62:12 Arrowslits
63:27 Chemistry
62:38 Masonry
62:09 Treadmill Crane
62:49 Ballistics
62:35 Siege Engineers
61:54 Hussar
70:30 Heated Shot
70:53 Careening
70:54 Clinker Construction
71:04 Shipwright
70:50 Siphons
71:20 Plate Mail Armor
71:20 Ring Archer Armor
70:50 Bracer
72:12 Coinage
71:52 Guilds
74:44 Spies/Treason
Big Matthew
5:57 Loom
12:37 Feudal Age
13:34 Horse Collar
14:43 Man-at-Arms
19:34 Castle Age
22:09 Gambesons
22:16 Double-Bit Axe
22:34 Arson
22:57 Scale Mail Armor
24:42 Town Watch
25:21 Squires
26:11 Medium Warships
26:33 Heavy Plow
27:36 Wheelbarrow
28:13 Caravan
30:02 Careening
31:12 Stone Mining
31:48 Hand Cart
32:09 Treadmill Crane
35:20 Imperial Age
33:57 Fortified Wall
33:44 Murder Holes
33:20 Long Swordsman
34:20 Forging
35:42 Town Patrol
35:36 Gold Mining
36:29 Conscription
37:01 Stone Shaft Mining
38:16 Chemistry
37:00 Elite Skirmisher
38:49 Gold Shaft Mining
38:38 Siphons
38:56 Cavalier
40:48 Husbandry
41:01 Bow Saw
41:14 Shipwright
45:46 Elite War Wagon
45:48 Elite Fire Lancer
47:22 Masonry
46:54 Two-Handed Swordsman
46:55 Pikeman
48:16 Champion
50:03 Heavy Warships
51:34 Halberdier
52:26 Thumb Ring
51:42 Crossbowman
57:43 Elite Genitour
59:38 Light Cavalry
61:45 Coinage
62:55 Iron Casting
62:36 Chain Mail Armor
63:08 Scale Barding Armor
62:54 Fletching
64:30 Banking
68:04 Arbalester
68:06 Heavy Cavalry Archer
68:08 Hussar
74:48 Spies/Treason
oopygoopy67
11:55 Feudal Age
13:12 Double-Bit Axe
15:26 Horse Collar
18:07 Castle Age
17:42 Scale Barding Armor
19:38 Wheelbarrow
23:08 Loom
25:33 Husbandry
24:55 Light Cavalry
28:20 Medium Warships
30:15 Clinker Construction
30:21 Careening
29:53 Treadmill Crane
34:39 Hand Cart
37:52 Imperial Age
35:49 Ballistics
35:37 Siphons
35:56 Chain Barding Armor
35:47 Forging
36:51 Greek Fire
38:20 Iron Casting
39:16 Plate Barding Armor
39:05 Conscription
40:55 Hoardings
43:57 Bow Saw
43:41 Gold Mining
43:42 Stone Mining
44:24 Heavy Warships
44:59 Carvel Hull
47:51 Logistica
50:46 Gold Shaft Mining
50:47 Stone Shaft Mining
53:26 Pikeman
54:07 Squires
54:10 Scale Mail Armor
55:15 Halberdier
Pope Sixtus VII
7:54 Loom
14:10 Feudal Age
19:18 Double-Bit Axe
19:18 Horse Collar
20:48 Man-at-Arms
21:15 Arson
23:12 Fishing Lines
27:23 Castle Age
25:27 Stone Mining
28:51 Scale Mail Armor
29:02 Forging
30:29 Gambesons
30:05 Long Swordsman
32:59 Caravan
35:33 Gold Mining
36:19 Stone Shaft Mining
36:59 Pikeman
38:08 Chain Mail Armor
38:29 Iron Casting
43:49 Imperial Age
45:00 Two-Handed Swordsman
45:02 Halberdier
45:58 Champion
48:55 Onager
52:22 Elite Woad Raider
53:23 Conscription
59:02 Blast Furnace
58:32 Plate Mail Armor
65:00 Bow Saw
65:30 Gold Shaft Mining
65:26 Furor Celtica
74:48 Spies/Treason
75:24 Siege Onager
Connection lost

Rejoining the realm…

Still unreachable

The connection could not be restored.

Session expired

The server has moved on; the page needs a fresh start.